 Dungeon Crawl Stone Soup version 0.24.0-37-gcf1ca852f1 (webtiles) character file.

Game seed: 11680140176512115217, levelgen mode: deterministic

2041 Mrkan the Grappler (level 9, -1/89 HPs)
             Began as a Troll Hunter on Nov 26, 2019.
             Was a Priest of Trog.
             Succumbed to a hornet's poison
             ... while paralysed by a hornet
             ... on level 7 of the Dungeon.
             The game lasted 00:10:10 (4959 turns).

Mrkan the Grappler (Troll Hunter)                   Turns: 4959, Time: 00:10:10

Health: -1/89      AC: 10    Str: 22    XL:     9   Next: 4%
Magic:  8/8        EV:  1    Int: 10    God:    Trog [***...]
Gold:   268        SH:  0    Dex: 10    Spells: 8/8 levels left

rFire    . . .     SeeInvis .     - Unarmed
rCold    . . .     Gourm    +   (no shield)
rNeg     . . .     Faith    .   b - +0 robe
rPois    .         Spirit   .   (helmet restricted)
rElec    .         Reflect  .   (no cloak)
rCorr    .         Harm     .   (gloves unavailable)
MR       .....                  (boots unavailable)
Stlth    +.........             (no amulet)
HPRegen  0.64/turn              q - +4 ring of protection
MPRegen  0.11/turn              (no ring)

@: paralysed, lethally poisoned (-1 -> -15), slowed, studying Crossbows
A: large, unfitting armour, claws 3, fast metabolism 3, gourmand, regeneration
1, shaggy fur 1, tough skin 3
a: Berserk, Trog's Hand, Renounce Religion


You were on level 7 of the Dungeon.
You worshipped Trog.
Trog was most pleased with you.
You were not hungry.

You visited 1 branch of the dungeon, and saw 7 of its levels.
You also visited: Ossuary.

You collected 268 gold pieces.

Inventory:

Missiles
 c - 11 large rocks (quivered)
 d - 2 throwing nets
Armour
 b - a +0 robe (worn)
Jewellery
 e - a cursed ring of attention {unknown}
 m - a +4 ring of evasion {unknown}
 q - a +4 ring of protection (left claw)
Wands
 u - a wand of iceblast (15)
 w - a wand of acid (4)
 y - a wand of polymorph (9)
Scrolls
 g - 7 scrolls of remove curse
 h - 3 scrolls of teleportation
 j - 2 scrolls of enchant weapon
 p - a scroll of magic mapping
 t - a scroll of amnesia
 D - a scroll of identify
Potions
 a - 8 potions of curing
 i - 2 potions of might
 k - 3 potions of agility
 l - 3 potions of heal wounds
 n - 3 potions of haste
 o - 3 potions of lignification
 r - a potion of flight
 s - a potion of resistance {unknown}
 v - 2 potions of mutation {unknown}
 x - 2 potions of invisibility {unknown}
 z - 3 potions of berserk rage
 A - 2 potions of degeneration {unknown}
 C - a potion of cancellation {unknown}
Books
 E - a manual of Crossbows
Comestibles
 f - 11 rations
 B - 3 chunks of flesh


   Skills:
 + Level 5.9 Fighting
 - Level 3.6 Throwing
 - Level 1.5 Dodging
 - Level 0.3 Stealth
 * Level 9.6 Unarmed Combat


You had 8 spell levels left.
You didn't know any spells.
Your spell library was empty.

Dungeon Overview and Level Annotations

Branches:
Dungeon (7/15)             Temple (0/1) D:5         Ossuary (visited)

Altars:
Ru
Sif Muna
Trog
Xom

Shops:
D:6 (


Innate Abilities, Weirdness & Mutations

You are too large for most types of armour.
You have claws for hands.
Your metabolism is lightning-fast.
You like to eat raw meat.
Your natural rate of healing is unusually fast.
You are covered in fur. (AC +1)
You have extremely tough skin. (AC +3)


Message History

* * * LOW HITPOINT WARNING * * *
You shrug off the repeated paralysis!
The hornet closely misses you.
Unknown command.
You scratch the hornet but do no damage.
The hornet is lightly wounded.
* * * LOW HITPOINT WARNING * * *
You feel very sick. The hornet barely misses you.
Unknown command.
You completely miss the hornet.
The hornet is lightly wounded.
You feel yourself speed up.
* * * LOW HITPOINT WARNING * * *
You feel very sick. The hornet stings you.
* * * LOW HITPOINT WARNING * * *
You feel yourself slow down. The hornet stings you!
* * * LOW HITPOINT WARNING * * *
You suddenly lose the ability to move!
You die...

................
.######.....####
#.........
##.####### #.#
#####.#######
#.$.........#
##..$...y..#.#
........@...#
........!...#
.##......)......
#...).....#...
#..........#..
#.............
#..............
#.....#.#......


You could see a hornet.

Vanquished Creatures
  Sigmund (D:2)
  An orc warrior (D:7)
  An ogre (D:6)
  A centaur (D:6)
  A big kobold (D:4)
  An elf zombie (D:6)
  A wyvern zombie (Ossuary)
  2 elf skeletons (D:6)
  A water moccasin zombie (Ossuary)
  2 howler monkeys
  A centaur zombie (Ossuary)
  A jelly (D:6)
  2 hounds
  A bullfrog skeleton (D:5)
  3 bullfrog zombies
  An orc priest (D:4)
  2 orc wizards
  A centaur skeleton (D:6)
  An iguana (D:4)
  Terence (D:2)
  2 human skeletons (D:6)
  4 worker ants
  3 killer bee zombies (Ossuary)
  2 hound zombies (Ossuary)
  A hound skeleton (D:4)
  16 mummies (Ossuary)
  A worker ant zombie (Ossuary)
  3 howler monkey zombies (Ossuary)
  8 adders
  2 oozes
  2 adder zombies (Ossuary)
  3 worms
  3 leopard geckos
  5 orcs
  3 giant cockroaches
  11 hobgoblins
  28 kobolds
  2 quokkas
  4 ball pythons
  10 bats
  4 frilled lizards
  2 giant cockroach zombies (Ossuary)
  10 goblins
  A leopard gecko zombie (Ossuary)
  An orc skeleton (D:6)
  4 quokka zombies (Ossuary)
  8 rats
169 creatures vanquished.

Vanquished Creatures (others)
  2 plants
2 creatures vanquished.

Grand Total: 171 creatures vanquished

Notes
Turn   | Place    | Note
-------+----------+-------------------------------------------
     0 | D:1      | Mrkan the Troll Hunter began the quest for the Orb.
     0 | D:1      | Reached XP level 1. HP: 19/19 MP: 0/0
    21 | D:1      | Reached skill level 1 in Unarmed Combat
    48 | D:1      | Reached XP level 2. HP: 25/28 MP: 1/1
   351 | D:1      | Reached skill level 2 in Unarmed Combat
   654 | D:2      | Found a bloodstained altar of Trog.
   660 | D:2      | Reached XP level 3. HP: 30/35 MP: 2/2
   662 | D:2      | Became a worshipper of Trog the Wrathful
   731 | D:2      | Noticed Sigmund
   746 | D:2      | Killed Sigmund
   746 | D:2      | Reached skill level 4 in Unarmed Combat
   746 | D:2      | Reached XP level 4. HP: 15/44 MP: 3/3
   746 | D:2      | Reached XP level 5. HP: 18/52 MP: 4/4
   907 | D:2      | Found a shimmering altar of Xom.
  1042 | D:2      | Found a sacrificial altar of Ru.
  1059 | D:2      | Noticed Terence
  1068 | D:2      | Killed Terence
  1210 | D:2      | Reached * piety under Trog
  1212 | D:2      | Reached XP level 6. HP: 61/61 MP: 5/5
  1703 | D:3      | Reached skill level 5 in Unarmed Combat
  1783 | D:3      | Found a shimmering blue altar of Sif Muna.
  2397 | D:4      | Reached ** piety under Trog
  2420 | D:4      | Reached skill level 6 in Unarmed Combat
  2420 | D:4      | Reached XP level 7. HP: 68/68 MP: 6/6
  3027 | D:5      | Entered Level 5 of the Dungeon
  3095 | D:5      | Found a staircase to the Ecumenical Temple.
  3519 | D:6      | Found Lextotuz's Antique Weapon Shop.
  3587 | D:6      | Found a sand-covered staircase.
  3597 | Ossuary  | Entered an ossuary
  3613 | Ossuary  | Reached skill level 7 in Unarmed Combat
  3661 | Ossuary  | Reached XP level 8. HP: 12/79 MP: 7/7
  3810 | Ossuary  | Reached *** piety under Trog
  3860 | Ossuary  | Reached skill level 8 in Unarmed Combat
  3900 | Ossuary  | Reached skill level 5 in Fighting
  4118 | D:6      | Reached skill level 9 in Unarmed Combat
  4923 | D:7      | Reached XP level 9. HP: 64/89 MP: 8/8
  4953 | D:7      | Paralysed by a hornet for 2 turns
  4958 | D:7      | HP: 1/89 [hornet (14)]
  4958 | D:7      | Paralysed by a hornet for 3 turns
  4959 | D:7      | Succumbed to a hornet's poison

Levels and vault maps discovered:
D:1:      ncdulo_watergridlock, layout_basic, minmay_misc_feat_x,
          minmay_pentomino_z2
D:2:      wad_lake_hut, layout_rooms, tgw_xom, bloody_trog,
          nicolae_ru_great_annihilating_truth, kennysheep_generic_room_6,
          uniq_terence, uniq_sigmund
D:3:      layout_loops_ring, lemuel_blue_sif_altar
D:4:      kennysheep_kobold_camp, layout_rooms
D:5:      layout_rooms, minmay_temple_entry_statues_pillars, first_ration,
          skrybe_limestone_x
D:6:      layout_loops_ring, serial_shops, nicolae_shop_overgrown_old_shop,
          nicolae_ossuary_entry_catacombs, minmay_manual_moon
D:7:      layout_loops_ring, lemuel_doored_altar,
          yredelemnul_forgotten_temple_becter

Skill      XL: |  1  2  3  4  5  6  7  8 |
---------------+-------------------------+-----
Unarmed Combat | 1 2 4 6 7 9 |  9.6
Fighting       | 2 3 4 5 |  5.9
Throwing       | |  3.6
Dodging        | |  1.5
Stealth        | |  0.3

Action                   |  1- 3 |  4- 6 |  7- 9 || total
-------------------------+-------+-------+-------++-------
Melee: Unarmed           |    69 |   124 |   321 ||   514
       Punch             |       |       |    10 ||    10
Invok: Berserk           |       |     1 |       ||     1
  Use: Scroll            |       |       |    15 ||    15
 Stab: Sleeping          |     1 |     2 |       ||     3
       Distracted        |       |       |     1 ||     1
  Eat: Chunk             |    11 |    17 |    19 ||    47
Armor: Robe              |    31 |    77 |    62 ||   170
Dodge: Dodged            |    31 |   124 |   111 ||   266
